[ AOE2 MATCH · #478604246 ]
UnrankedKhmer vs Jurchens
Player's team · LOSS
Rival team · WIN
[ REPLAY ANALYSIS · EXTRACTED FROM THE RECORDED GAME ]
Feudal
8:58
Castle
24:32
Imperial
—
| APM avg | 47.2 |
| APM peak | 89 |
| eAPM avg | 20.5 |
| Villagers / military | 92 / 58 |
Focus
⚔️ 38.0% · 🌾 62.0%
Scout Cavalry ×36 · Knight ×22
Feudal
8:34
Castle
23:38
Imperial
—
| APM avg | 83.4 |
| APM peak | 126 |
| eAPM avg | 29.2 |
| Villagers / military | 67 / 83 |
Focus
⚔️ 34.8% · 🌾 65.2%
Steppe Lancer ×66 · Scout Cavalry ×16 · Spearman ×1
Match map
Initial resources + every placement click. Lines = walls · curves = elevation contours. ◆ gold · ⬟ stone · ● berries · ✦ relic · ◌ wall gap
Your base· ✓ Closed at 24:32 · 29t walls · 1 gate(s)
Obsidian's base· ✓ Closed at 23:38 · 61t walls · no gate
Smoothed initial terrain · ◌ = detected wall gap · hover for details
Inputs per minute
— DS_Le Cuack |Youtube Twitch| - - Obsidian
Build order — DS_Le Cuack |Youtube Twitch|
First 150 of 244 actions detected
| 0:00 | Create | Villager (Male) ×4 |
| 0:02 | Build | House |
| 0:03 | Build | House |
| 1:27 | Create | Villager (Male) |
| 2:04 | Create | Villager (Male) |
| 2:05 | Create | Villager (Male) |
| 2:15 | Build | Lumber Camp |
| 2:53 | Create | Villager (Male) |
| 3:22 | Create | Villager (Male) |
| 3:22 | Create | Villager (Male) |
| 3:22 | Create | Villager (Male) |
| 3:23 | Create | Villager (Male) |
| 3:44 | Create | Villager (Male) |
| 4:07 | Build | House |
| 4:13 | Create | Villager (Male) |
| 4:32 | Create | Villager (Male) |
| 4:33 | Create | Villager (Male) |
| 5:25 | Create | Villager (Male) |
| 5:47 | Build | Mill |
| 5:49 | Create | Villager (Male) |
| 6:18 | Research | Loom |
| 6:48 | Research | Feudal Age |
| 7:49 | Create | Villager (Male) |
| 8:50 | Create | Villager (Male) |
| 8:58 | Age | Feudal Age |
| 9:03 | Build | Stable |
| 9:06 | Research | Double-Bit Axe |
| 9:12 | Create | Villager (Male) |
| 9:26 | Build | House |
| 9:52 | Create | Scout Cavalry |
| 9:52 | Create | Scout Cavalry |
| 9:57 | Build | House |
| 9:59 | Create | Villager (Male) |
| 10:03 | Build | House |
| 10:06 | Create | Scout Cavalry |
| 10:32 | Build | Farm |
| 10:35 | Create | Villager (Male) |
| 10:46 | Create | Villager (Male) |
| 11:02 | Build | Stable |
| 11:08 | Build | House |
| 11:10 | Create | Villager (Male) |
| 11:19 | Build | Farm |
| 11:21 | Build | Farm |
| 11:23 | Build | Farm |
| 11:27 | Build | Farm |
| 11:59 | Create | Villager (Male) |
| 12:04 | Create | Scout Cavalry |
| 12:08 | Create | Villager (Male) |
| 12:14 | Build | Blacksmith |
| 12:32 | Create | Villager (Male) |
| 12:46 | Build | Farm |
| 12:48 | Build | Farm |
| 13:02 | Build | House |
| 13:07 | Build | House |
| 13:17 | Create | Villager (Male) |
| 13:18 | Create | Villager (Male) |
| 13:21 | Create | Scout Cavalry |
| 13:30 | Build | Farm |
| 13:32 | Build | Farm |
| 13:33 | Build | Farm |
| 13:47 | Create | Villager (Male) |
| 13:50 | Build | Farm |
| 13:52 | Build | Farm |
| 13:53 | Build | Farm |
| 14:11 | Build | Farm |
| 14:15 | Build | Farm |
| 14:18 | Build | Farm |
| 14:19 | Create | Villager (Male) |
| 14:23 | Build | House |
| 14:29 | Research | Bloodlines |
| 14:37 | Build | House |
| 14:38 | Build | House |
| 14:39 | Build | Palisade Wall |
| 14:51 | Create | Villager (Male) |
| 15:05 | Create | Scout Cavalry |
| 15:12 | Research | Forging |
| 15:30 | Create | Villager (Male) |
| 15:30 | Create | Villager (Male) |
| 15:31 | Build | Farm |
| 15:46 | Create | Villager (Male) |
| 15:50 | Create | Villager (Male) |
| 15:57 | Create | Scout Cavalry |
| 15:57 | Create | Scout Cavalry |
| 16:13 | Create | Scout Cavalry |
| 16:13 | Create | Scout Cavalry |
| 16:23 | Build | Farm |
| 16:24 | Create | Villager (Male) |
| 16:27 | Build | Farm |
| 16:30 | Create | Villager (Male) |
| 16:37 | Create | Scout Cavalry |
| 16:38 | Create | Scout Cavalry |
| 16:41 | Build | House |
| 16:43 | Create | Villager (Male) |
| 16:50 | Create | Villager (Male) |
| 17:00 | Create | Scout Cavalry |
| 17:01 | Create | Scout Cavalry |
| 17:03 | Create | Villager (Male) |
| 17:06 | Build | Mining Camp |
| 17:07 | Create | Villager (Male) |
| 17:09 | Build | House |
| 17:10 | Build | House |
| 17:15 | Create | Villager (Male) |
| 17:25 | Create | Scout Cavalry |
| 17:40 | Create | Villager (Male) |
| 17:44 | Create | Scout Cavalry |
| 18:05 | Create | Scout Cavalry |
| 18:06 | Create | Scout Cavalry |
| 18:11 | Build | House |
| 18:15 | Build | Palisade Wall |
| 18:32 | Create | Scout Cavalry |
| 18:32 | Create | Scout Cavalry |
| 18:33 | Create | Scout Cavalry |
| 18:34 | Create | Villager (Male) |
| 18:41 | Build | Palisade Gate |
| 18:43 | Build | Palisade Wall |
| 18:53 | Build | House |
| 18:55 | Build | Palisade Wall |
| 19:08 | Create | Villager (Male) |
| 19:10 | Create | Villager (Male) |
| 19:14 | Create | Villager (Male) |
| 19:22 | Build | Market |
| 19:29 | Build | Farm |
| 19:30 | Create | Villager (Male) |
| 19:38 | Create | Scout Cavalry |
| 19:38 | Create | Scout Cavalry |
| 20:06 | Build | Farm |
| 20:08 | Create | Scout Cavalry |
| 20:09 | Create | Scout Cavalry |
| 20:26 | Create | Villager (Male) |
| 20:32 | Build | Lumber Camp |
| 20:35 | Build | House |
| 20:38 | Build | Palisade Wall |
| 20:41 | Build | Farm |
| 21:00 | Create | Scout Cavalry |
| 21:01 | Create | Scout Cavalry |
| 21:10 | Create | Villager (Male) |
| 21:11 | Create | Villager (Male) |
| 21:13 | Build | House |
| 21:14 | Build | House |
| 21:30 | Build | Farm |
| 21:31 | Build | Farm |
| 21:52 | Research | Castle Age |
| 21:57 | Create | Scout Cavalry |
| 21:57 | Create | Scout Cavalry |
| 22:01 | Build | House |
| 22:03 | Build | Palisade Wall |
| 22:05 | Build | Farm |
| 22:11 | Research | Horse Collar |
| 22:12 | Build | Farm |
| 22:13 | Build | Farm |
Build order — Obsidian
First 150 of 258 actions detected
| 0:01 | Create | Villager (Male) |
| 0:02 | Create | Villager (Male) |
| 0:02 | Build | House |
| 0:04 | Build | House |
| 0:07 | Create | Villager (Male) |
| 0:16 | Create | Villager (Male) |
| 0:16 | Create | Villager (Male) |
| 1:23 | Create | Villager (Male) |
| 1:38 | Create | Villager (Male) |
| 1:57 | Build | Lumber Camp |
| 2:07 | Create | Villager (Male) |
| 2:58 | Create | Villager (Male) |
| 2:58 | Create | Villager (Male) |
| 3:23 | Create | Villager (Male) |
| 3:23 | Create | Villager (Male) |
| 3:43 | Build | House |
| 3:49 | Create | Villager (Male) |
| 4:33 | Create | Villager (Male) |
| 4:34 | Create | Villager (Male) |
| 4:40 | Build | Mill |
| 5:06 | Create | Villager (Male) |
| 5:16 | Create | Villager (Male) |
| 5:33 | Create | Villager (Male) |
| 6:11 | Build | Palisade Wall |
| 6:24 | Research | Feudal Age |
| 7:07 | Create | Villager (Male) |
| 7:25 | Build | House |
| 7:31 | Create | Villager (Male) |
| 7:50 | Build | Barracks |
| 8:06 | Build | Palisade Wall |
| 8:10 | Create | Villager (Male) |
| 8:28 | Create | Villager (Male) |
| 8:34 | Age | Feudal Age |
| 8:57 | Build | Stable |
| 9:08 | Research | Double-Bit Axe |
| 9:08 | Research | Double-Bit Axe |
| 9:35 | Create | Scout Cavalry |
| 9:36 | Create | Scout Cavalry |
| 9:36 | Create | Scout Cavalry |
| 9:40 | Build | House |
| 9:43 | Build | House |
| 9:44 | Build | Palisade Wall |
| 9:54 | Create | Spearman |
| 9:58 | Build | Farm |
| 10:08 | Create | Scout Cavalry |
| 10:23 | Create | Villager (Male) |
| 10:43 | Create | Scout Cavalry |
| 10:54 | Build | Farm |
| 10:56 | Build | Farm |
| 10:58 | Build | Farm |
| 11:00 | Build | Farm |
| 11:00 | Create | Villager (Male) |
| 11:16 | Create | Villager (Male) |
| 11:20 | Build | House |
| 11:40 | Create | Scout Cavalry |
| 12:01 | Create | Villager (Male) |
| 12:02 | Create | Scout Cavalry |
| 12:07 | Build | Blacksmith |
| 12:29 | Create | Villager (Male) |
| 12:32 | Build | Farm |
| 12:33 | Build | Farm |
| 12:40 | Create | Villager (Male) |
| 12:45 | Create | Scout Cavalry |
| 12:46 | Build | House |
| 13:00 | Create | Villager (Male) |
| 13:18 | Create | Villager (Male) |
| 13:22 | Create | Scout Cavalry |
| 13:27 | Build | Mining Camp |
| 13:37 | Build | House |
| 13:40 | Build | Palisade Wall |
| 13:40 | Create | Villager (Male) |
| 13:46 | Create | Villager (Male) |
| 13:55 | Build | House |
| 14:00 | Build | Palisade Wall |
| 14:06 | Build | Palisade Wall |
| 14:07 | Create | Villager (Male) |
| 14:09 | Create | Scout Cavalry |
| 14:16 | Create | Scout Cavalry |
| 14:26 | Create | Villager (Male) |
| 14:38 | Create | Villager (Male) |
| 14:51 | Build | Palisade Wall |
| 14:53 | Build | Palisade Wall |
| 14:53 | Build | Palisade Wall |
| 14:55 | Create | Scout Cavalry |
| 15:08 | Create | Scout Cavalry |
| 15:09 | Create | Villager (Male) |
| 15:20 | Build | Farm |
| 15:22 | Build | Farm |
| 15:22 | Build | Farm |
| 15:22 | Build | Farm |
| 15:22 | Build | Farm |
| 15:35 | Create | Villager (Male) |
| 16:02 | Create | Scout Cavalry |
| 16:05 | Build | Farm |
| 16:20 | Create | Villager (Male) |
| 16:21 | Create | Scout Cavalry |
| 16:37 | Build | Farm |
| 16:38 | Build | Farm |
| 16:39 | Build | Farm |
| 16:42 | Build | Farm |
| 16:47 | Create | Villager (Male) |
| 17:11 | Create | Villager (Male) |
| 17:15 | Build | Farm |
| 17:17 | Build | Farm |
| 17:19 | Build | Farm |
| 17:26 | Research | Bloodlines |
| 17:26 | Research | Bloodlines |
| 17:26 | Create | Villager (Male) |
| 17:33 | Build | House |
| 18:02 | Create | Scout Cavalry |
| 18:10 | Build | House |
| 18:11 | Build | House |
| 18:14 | Build | House |
| 18:35 | Create | Villager (Male) |
| 18:37 | Build | Market |
| 19:04 | Research | Scale Barding Armor |
| 19:04 | Research | Scale Barding Armor |
| 19:09 | Create | Villager (Male) |
| 19:15 | Build | Farm |
| 19:16 | Build | Farm |
| 19:40 | Create | Villager (Male) |
| 19:43 | Research | Wheelbarrow |
| 20:02 | Build | House |
| 20:03 | Build | House |
| 20:39 | Build | House |
| 20:43 | Build | House |
| 20:53 | Research | Castle Age |
| 20:58 | Build | House |
| 21:03 | Build | Palisade Wall |
| 21:11 | Build | House |
| 21:13 | Build | House |
| 21:25 | Research | Forging |
| 21:25 | Research | Forging |
| 21:30 | Build | Stable |
| 21:43 | Build | Palisade Wall |
| 21:47 | Build | Farm |
| 21:54 | Build | Palisade Wall |
| 22:01 | Build | Farm |
| 22:06 | Research | Horse Collar |
| 22:20 | Build | Palisade Wall |
| 23:01 | Build | Stable |
| 23:38 | Age | Castle Age |
| 23:41 | Create | Steppe Lancer |
| 23:41 | Create | Steppe Lancer |
| 23:41 | Create | Steppe Lancer |
| 23:41 | Create | Steppe Lancer |
| 23:44 | Research | Iron Casting |
| 23:44 | Research | Iron Casting |
| 23:46 | Create | Steppe Lancer |
| 23:48 | Build | Farm |
Match timeline
| 6:11 | Obsidian · wall_segment Palisade Wall x10 |
| 7:50 | Obsidian · first_building Barracks |
| 8:06 | Obsidian · wall_segment Palisade Wall x5 |
| 8:34 | Obsidian · age_up feudal |
| 8:57 | Obsidian · first_building Stable |
| 8:58 | DS_Le Cuack |Youtube Twitch| · age_up feudal |
| 9:03 | DS_Le Cuack |Youtube Twitch| · first_building Stable |
| 9:44 | Obsidian · wall_segment Palisade Wall x6 |
| 13:40 | Obsidian · wall_segment Palisade Wall x6 |
| 14:00 | Obsidian · wall_segment Palisade Wall x10 |
| 14:06 | Obsidian · wall_segment Palisade Wall x15 |
| 14:39 | DS_Le Cuack |Youtube Twitch| · wall_segment Palisade Wall x1 |
| 14:51 | Obsidian · wall_segment Palisade Wall x1 |
| 14:53 | Obsidian · wall_segment Palisade Wall x1 |
| 14:53 | Obsidian · wall_segment Palisade Wall x1 |
| 18:15 | DS_Le Cuack |Youtube Twitch| · wall_segment Palisade Wall x14 |
| 18:43 | DS_Le Cuack |Youtube Twitch| · wall_segment Palisade Wall x4 |
| 18:55 | DS_Le Cuack |Youtube Twitch| · wall_segment Palisade Wall x5 |
| 19:39 | Obsidian · first_market_buy 100 food |
| 20:38 | DS_Le Cuack |Youtube Twitch| · wall_segment Palisade Wall x4 |
| 21:03 | Obsidian · wall_segment Palisade Wall x1 |
| 21:21 | DS_Le Cuack |Youtube Twitch| · first_market_buy 100 food |
| 21:23 | DS_Le Cuack |Youtube Twitch| · first_market_sell 100 wood |
| 21:43 | Obsidian · wall_segment Palisade Wall x1 |
| 21:54 | Obsidian · wall_segment Palisade Wall x1 |
| 22:03 | DS_Le Cuack |Youtube Twitch| · wall_segment Palisade Wall x1 |
| 22:20 | Obsidian · wall_segment Palisade Wall x4 |
| 23:38 | Obsidian · age_up castle |
| 24:32 | DS_Le Cuack |Youtube Twitch| · age_up castle |
| 25:32 | Obsidian · first_market_sell 100 wood |
| 31:05 | Obsidian · wall_segment Palisade Wall x1 |
| 31:08 | Obsidian · wall_segment Palisade Wall x1 |
| 31:09 | Obsidian · wall_segment Palisade Wall x1 |
| 36:02 | DS_Le Cuack |Youtube Twitch| · resign |
[ AI ANALYSIS · 1 CREDIT ]
What really happened in this match?
Wolo.gg analyzes every decision: build order, eco, micro, common mistakes by bracket. Personalized analysis on WhatsApp or Discord in 30 seconds.
Civ guide
Khmer
Perfil
Jugador #15077189